 Dungeon Crawl Stone Soup version 0.31-a0-188-g5e087ee2ca (webtiles) character file.

Game seed: 14443008998243220151

142 qw the Skirmisher (level 5, -13/29 HPs)
             Began as a Deep Elf Hunter on June 23, 2023.
             Was an Initiate of Okawaru.
             Killed from afar by Ijyb (16 damage)
             ... with a bolt of acid
             ... on level 4 of the Dungeon.
             The game lasted 00:01:08 (2779 turns).

qw the Skirmisher (Deep Elf Hunter)                 Turns: 2779, Time: 00:01:08

Health: -13/29     AC: -1    Str: 10    XL:     5   Next: 3%
Magic:  7/7        EV: 11    Int: 14    God:    Okawaru [......]
Gold:   173        SH:  0    Dex: 18    Spells: 4/4 levels left

rFire   . . .        Y - +0 shortbow
rCold   . . .        (shield currently unavailable)
rNeg    . . .        e - +0 ring mail
rPois   +            (no helmet)
rElec   .            (no cloak)
rCorr   .            (no gloves)
SInv    .            a - +1 pair of boots
Will    .....        (no amulet)
Stlth   +            d - ring of poison resistance
HPRegen 0.24/turn    (no ring)
MPRegen 0.10/turn

%: no passive effects
@: corroded
A: no striking features
a: Renounce Religion


You were on level 4 of the Dungeon.
You worshipped Okawaru.
Okawaru was noncommittal.
You visited 1 branch of the dungeon, and saw 4 of its levels.

You collected 173 gold pieces.


   Skills:
 - Level 1.5 Fighting
 + Level 8.4 Ranged Weapons
 - Level 2.4 Dodging
 - Level 1.2 Stealth


You had 4 spell levels left.
You didn't know any spells.
Your spell library was empty.

Inventory:

Hand Weapons
 Y - a +0 shortbow (weapon)
Armour
 a - a +1 pair of boots (worn)
 e - a +0 ring mail (worn)
Jewellery
 c - a ring of fire
 d - a ring of poison resistance (left hand)
Scrolls
 b - a scroll of fog {unknown}
 h - a scroll of teleportation {unknown}
 i - a scroll of identify
 j - a scroll of fear {unknown}
Potions
 f - 2 potions of might
 g - a potion of heal wounds {unknown}
 k - a potion of degeneration {unknown}

Dungeon Overview and Level Annotations

Branches:
Dungeon (4/15)             Temple (0/1) D:4

Altars:
Cheibriados
Fedhas
Makhleb
Okawaru
Qazlal
Yredelemnul

Shops:
D:2 (

Annotations:
D:4 Ijyb


Message History

You shoot an arrow. The arrow barely misses Ijyb.
You shoot an arrow. The arrow hits Ijyb but does no damage.
You shoot an arrow. The arrow closely misses Ijyb.
You shoot an arrow. The arrow barely misses Ijyb.
You shoot an arrow. The arrow closely misses Ijyb.
Ijyb zaps a wand.
The bolt of acid misses you.
You shoot an arrow. The arrow hits Ijyb but does no damage.
Ijyb hits you with a +0 dagger of speed.
You shoot an arrow. The arrow hits Ijyb but does no damage.
Ijyb zaps a wand.
The bolt of acid misses you.
You shoot an arrow. The arrow hits Ijyb.
Ijyb is moderately wounded.
Ijyb hits you but does no damage.
You shoot an arrow. The arrow hits Ijyb.
Ijyb is heavily wounded.
Ijyb barely misses you. Ijyb hits you but does no damage.
You shoot an arrow. The arrow hits Ijyb but does no damage.
Ijyb is heavily wounded.
Ijyb zaps a wand.
The bolt of acid hits you. The acid corrodes you!
You shoot an arrow. The arrow hits Ijyb but does no damage.
Ijyb is heavily wounded.
Ijyb completely misses you.
Ijyb hits you with a +0 dagger of speed.
You shoot an arrow. The arrow hits Ijyb but does no damage.
Ijyb is heavily wounded.
Ijyb zaps a wand.
The bolt of acid hits you! The acid corrodes you!
You shoot an arrow. The arrow barely misses Ijyb.
Ijyb barely misses you.
Ijyb hits you with a +0 dagger of speed.
You shoot an arrow. The arrow hits Ijyb but does no damage.
Ijyb is heavily wounded.
Ijyb barely misses you.
You shoot an arrow. The arrow hits Ijyb but does no damage.
Ijyb is heavily wounded.
Ijyb hits you with a +0 dagger of speed. x2
You shoot an arrow. The arrow hits Ijyb but does no damage.
Ijyb is moderately wounded.
Ijyb closely misses you.
Ijyb zaps a wand.
The bolt of acid hits you!
Ouch! That really hurt!
You die...

#.#.. ....# ###
#.#.#.##..
#.#......
#.#....##.#
#.#......
#.#g..###.#
#.#@......#
#.#.####...
##...####...
#####..#........
#......#........
#...############
#..## #..##
#...#


You could see Ijyb.

Vanquished Creatures
  6 adders
  3 worms
  3 orcs
  8 bats
  10 endoplasms
  6 giant cockroaches
  A hobgoblin (D:3)
  6 jackals (D:3)
  3 quokkas
  8 ball pythons
  5 frilled lizards
  3 goblins
  6 kobolds
  3 rats
71 creatures vanquished.

Notes
Turn   | Place    | Note
-------+----------+-------------------------------------------
     0 | D:1      | qw the Deep Elf Hunter began the quest for the Orb.
     0 | D:1      | Reached XP level 1. HP: 12/12 MP: 3/3
     0 | D:1      | 0 ||| qw: Version: 0.3-a-9-g12657ce
     0 | D:1      | 0 ||| qw: Game counter: 4229
     0 | D:1      | 0 ||| qw: Always use a shield: true
     0 | D:1      | 0 ||| qw: God list: Okawaru
     0 | D:1      | 0 ||| qw: Allow faded altars: false
     0 | D:1      | 0 ||| qw: Do Orc after D:15 true
     0 | D:1      | 0 ||| qw: Do second Lair branch before Depths: true
     0 | D:1      | 0 ||| qw: Lair rune preference: random
     0 | D:1      | 0 ||| qw: Plans: Normal
     0 | D:1      | 0 ||| PLANNING D:1-11
    45 | D:1      | 45 ||| DROPPING scroll of butterflies.
   121 | D:1      | 121 ||| UPGRADING to ring of poison resistance.
   122 | D:1      | 122 ||| READING scroll labelled YSYGASHUAW.
   123 | D:1      | 123 ||| READING scroll labelled USHRUD TODOSUU.
   124 | D:1      | 124 ||| DRINKING 2 grey potions.
   125 | D:1      | 125 ||| DROPPING potion of magic.
   140 | D:1      | Reached XP level 2. HP: 13/16 MP: 4/4
   147 | D:1      | Reached skill level 6 in Ranged Weapons
   715 | D:1      | 715 ||| UPGRADING to +1 pair of boots.
   720 | D:1      | 720 ||| UPGRADING to +0 ring mail.
   730 | D:1      | 730 ||| DROPPING +0 leather armour.
   825 | D:2      | Reached XP level 3. HP: 20/20 MP: 5/5
   963 | D:2      | Reached skill level 7 in Ranged Weapons
  1149 | D:2      | Reached XP level 4. HP: 25/25 MP: 6/6
  1203 | D:2      | Found Vis Luto's Weapon Shop.
  1500 | D:2      | 1500 ||| READING scroll labelled JEINUG LULE.
  1501 | D:2      | 1501 ||| READING scroll labelled IRGHEU KAQETI.
  1680 | D:3      | Reached skill level 8 in Ranged Weapons
  2017 | D:3      | Found an iron altar of Okawaru.
  2018 | D:3      | 2018 ||| PLANNING OKAWARU WORSHIP
  2018 | D:3      | 2018 ||| READING scroll labelled HUUNLI YXIA.
  2019 | D:3      | 2019 ||| READING scroll labelled INULUC BIASKO.
  2020 | D:3      | 2020 ||| READING scroll labelled YTAAHE WOFAGEU.
  2021 | D:3      | 2021 ||| DRINKING 2 bubbling black potions.
  2030 | D:3      | Became a worshipper of Warmaster Okawaru
  2031 | D:3      | 2031 ||| PLANNING D:1-11
  2204 | D:3      | Found a stormy altar of Qazlal.
  2204 | D:3      | Found a basalt altar of Yredelemnul.
  2217 | D:3      | Found a snail-covered altar of Cheibriados.
  2219 | D:3      | Found a blossoming altar of Fedhas.
  2221 | D:3      | Found a burning altar of Makhleb.
  2465 | D:3      | 2465 ||| DRINKING 2 inky potions.
  2470 | D:3      | 2470 ||| READING 2 scrolls of identify.
  2470 | D:3      | 2470 ||| IDENTIFYING bubbling orange potion
  2471 | D:3      | 2471 ||| DROPPING potion of brilliance.
  2472 | D:3      | 2472 ||| DROPPING potion of ambrosia.
  2506 | D:4      | Found a staircase to the Ecumenical Temple.
  2703 | D:4      | Reached XP level 5. HP: 29/29 MP: 7/7
  2763 | D:4      | Noticed Ijyb
  2778 | D:4      | HP: 7/29 [Ijyb/+0 dagger of speed (2)]
  2778 | D:4      | HP: 3/29 [Ijyb/+0 dagger of speed (4)]
  2779 | D:4      | Killed from afar by Ijyb

Levels and vault maps discovered:
D:1:      roderic_crop_circles_arrival_small, layout_basic, hex_medium,
          due_unseen_surprise
D:2:      layout_basic, serial_shops, nicolae_shop_bloodbath_and_beyond
D:3:      layout_basic, chequers_temple_overflow_minitemple,
          okawaru_metal_pillars_1_2
D:4:      layout_basic, minmay_temple_entry_sparse_star, uniq_blork_the_orc,
          uniq_ijyb

Skill      XL: |  1  2  3  4 |
---------------+-------------+-----
Ranged Weapons | 6 7 8 |  8.4
Fighting       | |  1.5
Dodging        | |  2.4
Stealth        | |  1.2

Action                     |  1- 3 |  4- 6 || total
---------------------------+-------+-------++-------
   Fire: Shortbow          |   100 |   119 ||   219
    Use: Scroll            |     2 |     6 ||     8
         Potion            |     1 |     2 ||     3
 Armour: Leather armour    |     3 |       ||     3
         Ring mail         |    13 |    18 ||    31
  Dodge: Dodged            |    17 |    31 ||    48

Table legend:
 A = Non-vault XP
 B = Vault XP
 C = Vault XP percentage of total XP
 D = Non-vault monster count
 E = Vault monster count
 F = Vault count percentage of total count
                 A         B        C        D         E       F
            +---------+---------+-------+---------+---------+-------
      Total |     203 |       0 |   0.0 |      71 |       0 |   0.0
            +---------+---------+-------+---------+---------+-------
        D:1 |      37 |       0 |   0.0 |      22 |       0 |   0.0
        D:2 |      88 |       0 |   0.0 |      20 |       0 |   0.0
        D:3 |      51 |       0 |   0.0 |      21 |       0 |   0.0
        D:4 |      27 |       0 |   0.0 |       8 |       0 |   0.0
            +---------+---------+-------+---------+---------+-------
